 Dungeon Crawl Stone Soup version 0.22.1-1-ga44c0e5 (webtiles) character file.

125 MTVSty1e the Chopper (level 4, -5/41 HPs)
             Began as a Minotaur Fighter on Oct 22, 2018.
             Killed by nerve-wracking pain
             ... invoked by Grinder
              (14 damage)
             ... on level 3 of the Dungeon.
             The game lasted 00:02:30 (1801 turns).

MTVSty1e the Chopper (Minotaur Fighter)             Turns: 1801, Time: 00:02:31

Health: -5/41      AC:  6    Str: 27    XL:     4   Next: 82%
Magic:  3/3        EV:  7    Int:  5    God:
Gold:   93         SH: 10    Dex:  9    Spells: 3/3 levels left

rFire    . . .     SeeInvis .   a - +0 war axe
rCold    . . .     Gourm    .   c - +0 shield
rNeg     . . .     Faith    .   b - +0 scale mail
rPois    .         Spirit   .   (helmet restricted)
rElec    .         Reflect  .   (no cloak)
rCorr    .         Harm     .   (no gloves)
MR       .....                  (no boots)
Stlth    ..........             (no amulet)
HPRegen  0.13/turn              (no ring)
MPRegen  0.08/turn              (no ring)

@: mighty
A: retaliatory headbutt, horns 2
a: no special abilities


You were on level 3 of the Dungeon.
You were not hungry.

You visited 1 branch of the dungeon, and saw 3 of its levels.

You collected 93 gold pieces.

Inventory:

Hand Weapons
 a - a +0 war axe (weapon)
Armour
 b - a +0 scale mail (worn)
 c - a +0 shield (worn)
Wands
 o - a wand of clouds (4)
Scrolls
 e - a scroll of enchant weapon {unknown}
 g - 2 scrolls of teleportation {unknown}
 j - a scroll of immolation {unknown}
 k - a scroll of amnesia {unknown}
 m - 2 scrolls of fear {unknown}
 p - a scroll of fog {unknown}
 q - a scroll of identify {unknown}
 r - a scroll of remove curse {unknown}
Potions
 d - a potion of might
 h - 3 potions of curing {unknown}
 i - 2 potions of mutation {unknown}
 l - a potion of brilliance {unknown}
 n - 2 potions of heal wounds {unknown}
 s - a potion of ambrosia {unknown}
Comestibles
 f - 7 rations


   Skills:
 + Level 4.8 Fighting
 * Level 5.2 Axes
 - Level 3.6 Armour
 - Level 3.6 Shields


You had 3 spell levels left.
You didn't know any spells.
Your spell library was empty.

Dungeon Overview and Level Annotations

Branches:
Dungeon (3/15)

Altars:

Annotations:
D:3 Grinder


Innate Abilities, Weirdness & Mutations

You reflexively headbutt those who attack you in melee.
You have a pair of horns on your head.


Message History

You suddenly lose the ability to move!
Grinder gestures at you. Pain shoots through your body!
You can move again.
You see here a sling bullet.
Your shield prevents you from hitting Grinder.
Grinder is lightly wounded.
Grinder hits you.
You writhe in agony.
Grinder hits you but does no damage.
You slash Grinder!
Grinder is heavily wounded.
Grinder gestures at you.
You suddenly lose the ability to move!
Grinder hits you.
You writhe in agony.
* * * LOW HITPOINT WARNING * * *
You can move again.
You feel very mighty all of a sudden.
Grinder blinks!
Grinder gestures at you. Pain shoots through your body!
You die...

#.# #.# ..#########.######
.............>..<#
#.......###†# #..##...# #.# #
# #..##.#.###.##.#
##.##.#####.(#..†)........
#......).(..@.#.#.†##.##.##.#
#..#.######........).†......#
#..5#.#..##.......#
#..#.....####.##..#
#..##.#..# .# # ........... #
###.##.#... ##.#.##.. . ##


You could see Grinder.

Vanquished Creatures
  Ijyb (D:2)
  A worker ant (D:2)
  An ooze (D:1)
  2 worms
  A dart slug (D:1)
  A leopard gecko (D:3)
  An orc (D:3)
  9 bats
  4 giant cockroaches
  14 goblins
  5 hobgoblins
  3 jackals (D:2)
  A ball python zombie (D:2)
  2 frilled lizards
  5 kobolds
  8 rats
59 creatures vanquished.

Notes
Turn   | Place    | Note
-------+----------+-------------------------------------------
     0 | D:1      | MTVSty1e the Minotaur Fighter began the quest for the Orb.
     0 | D:1      | Reached XP level 1. HP: 19/19 MP: 0/0
    49 | D:1      | Reached skill level 3 in Axes
    55 | D:1      | Reached XP level 2. HP: 19/27 MP: 1/1
   914 | D:2      | Reached XP level 3. HP: 33/33 MP: 2/2
   929 | D:2      | Noticed Ijyb
   941 | D:2      | Killed Ijyb
   941 | D:2      | Reached skill level 4 in Axes
  1152 | D:2      | Reached XP level 4. HP: 40/41 MP: 3/3
  1598 | D:2      | Reached skill level 5 in Axes
  1779 | D:3      | Noticed Grinder
  1789 | D:3      | Paralysed by Grinder for 6 turns
  1796 | D:3      | Paralysed by Grinder for 2 turns
  1801 | D:3      | Killed from afar by Grinder

Skill      XL: |  1  2  3  4 |
---------------+-------------+-----
Axes           | 3 4 5 |  5.2
Fighting       | 4 |  4.8
Armour         | |  3.6
Shields        | |  3.6

Action                   |  1- 3 |  4- 6 || total
-------------------------+-------+-------++-------
Melee: War axe           |    56 |    56 ||   112
       Headbutt          |     8 |    12 ||    20
  Use: Potion            |       |     1 ||     1
  Eat: Chunk             |       |     2 ||     2
       Ration            |       |     1 ||     1
Armor: Scale mail        |    27 |    23 ||    50
Dodge: Dodged            |    21 |    24 ||    45
Block: Shield            |    32 |    31 ||    63
